 Dungeon Crawl Stone Soup version 0.29-a0-1008-g949cc1d0fb (webtiles) character file.

Game seed: 897187091623169792

2788 wingedge the Shooter (level 10, -2/105 (111) HPs)
             Began as a Human Wanderer on Aug 7, 2022.
             Was an Initiate of Gozag.
             Slain by an orc warrior
             ... wielding a +0 dire flail
              (6 damage)
             ... on level 7 of the Dungeon.
             The game lasted 00:57:04 (7429 turns).

wingedge the Shooter (Human Wanderer)               Turns: 7429, Time: 00:57:04

HP:   -2/105 (111)  AC: 25    Str: 13    XL:     10   Next: 1%
MP:   14/14         EV:  2    Int: 12    God:    Gozag
Gold: 604           SH:  0    Dex: 17    Spells: 11/15 levels left

rFire   . . .      SeeInvis .   b - +4 falchion (freeze)
rCold   . . .      Faith    .   (no shield)
rNeg    . . .      Spirit   .   (body armour currently unavailable)
rPois   +          Reflect  .   (helmet currently unavailable)
rElec   .          Harm     .   (cloak currently unavailable)
rCorr   .          Rampage  .   (gloves currently unavailable)
Will    .....      NoTele   +   (boots currently unavailable)
Stlth   +++.......              (no amulet)
HPRegen 0.27/turn               (no ring)
MPRegen 0.14/turn               (no ring)

@: tree-form, hasted, drained, very quick
A: stationary, stasis, torment immunity, boosted hp
a: Renounce Religion, Potion Petition, Call Merchant, Bribe Branch


You were on level 7 of the Dungeon.
You worshipped Gozag.
Gozag was pleased with you.
You were a tree.
You visited 1 branch of the dungeon, and saw 7 of its levels.

You collected 664 gold pieces.
You paid 60 gold pieces to Gozag.

Inventory:

Hand Weapons
 a - the +8 sling "Ceax" {flame, rPois Will+}
   (You took it off an orc on level 4 of the Dungeon)

   Any ammunition fired from it burns those it strikes, dealing additional fire
   damage.
   rPois:     It protects you from poison.
   Will:      It increases your willpower.
 b - a +4 falchion of freezing (weapon)
 e - a +0 shortbow
 k - a +2 dagger of venom
 x - a +2 whip of electrocution
 y - a +0 great sword
Missiles
 c - 23 poisoned darts (quivered)
 l - 4 atropa-tipped darts
 p - 2 silver boomerangs
Armour
 r - a scarf of repulsion (melded)
 u - a +0 leather armour of poison resistance (melded)
Scrolls
 m - 2 scrolls of torment
Potions
 d - 2 potions of berserk rage {unknown}
 f - a potion of resistance
 j - a potion of lignification
 n - 2 potions of attraction {unknown}
 o - a potion of curing {unknown}
 q - 2 potions of cancellation {unknown}
 t - 3 potions of brilliance


   Skills:
 - Level 5.0 Fighting
 - Level 4.0(4.4) Short Blades
 - Level 3.0(4.0) Long Blades
 - Level 2.0 Axes
 + Level 7.9 Ranged Weapons
 - Level 2.0 Throwing
 - Level 5.0 Dodging
 - Level 4.0 Stealth
 - Level 3.0 Spellcasting
 - Level 3.0 Translocations
 - Level 2.0 Transmutations


You had 11 spell levels left.
You knew the following spells:

 Your Spells              Type           Power      Damage    Failure   Level
a - Blink                 Tloc           18%        N/A       11%         2
b - Wereblood             Tmut           6%         N/A       16%         2

Your spell library contained the following spells:

 Spells                   Type           Power      Damage    Failure   Level
 Passwall                 Tmut/Erth      3%         N/A       24%         2
 Manifold Assault         Tloc           9%         N/A       89%         5
 Storm Form               Tmut/Air       2%         N/A       100%        7


Dungeon Overview and Level Annotations

Branches:
Dungeon (7/15)
 Temple: D:4-7

Altars:
Cheibriados
Elyvilon
Fedhas
Gozag
Hepliaklqana
Kikubaaqudgha
Sif Muna
Zin

Shops:
D:6 (


Message History

Really quaff the potion of lignification?
You turn into a tree.
Your scarf of repulsion melds into your body.
Your +0 leather armour of poison resistance melds into your body.
The haze of the repulsion field disappears.
You no longer feel resistant to poison.
Your roots penetrate the ground.
Something hits you but does no damage.
You hit the orc warrior but do no damage.
The orc warrior is lightly wounded.
Something hits you but does no damage. The orc warrior completely misses you.
You hear some strange, mumbled words.
A magic dart appears from out of thin air!
The magic dart hits you but does no damage.
You hit the orc warrior. You freeze the orc warrior.
The orc warrior is moderately wounded.
The orc warrior hits you with a +0 dire flail.
* * * LOW HITPOINT WARNING * * *
You hit the orc warrior. You freeze the orc warrior.
The orc warrior is moderately wounded.
Something hits you but does no damage. The orc warrior barely misses you.
You hit the orc warrior. You freeze the orc warrior.
The orc warrior is heavily wounded.
Something hits you but does no damage.
You closely miss the orc warrior.
The orc warrior is heavily wounded.
Something hits you but does no damage.
The orc warrior hits you but does no damage.
You slash the orc warrior! You freeze the orc warrior.
The orc warrior is almost dead.
You hear some strange, mumbled words.
Something tries to affect you, but you resist.
The orc warrior hits you but does no damage.
You barely miss the orc warrior.
The orc warrior is almost dead.
Something hits you but does no damage.
You hit the orc warrior but do no damage.
The orc warrior is almost dead.
The orc warrior hits you with a +0 dire flail.
You die...
Your body crumbles into a pile of gold.

.## .. .. .. #
#.###.######
#.#..........#
#.........>...
#.............
##....o$.......
#.....$♣.......
#.....{........
#....$.........
.....$.........
#.......$.....#
#..############
... ..


You could see an orc warrior.

Vanquished Creatures
  A two-headed ogre (D:6)
  Sigmund (D:6)
  Eustachio (D:4)
  Edmund (D:4)
  Duvessa (D:6)
  A black bear (D:5)
  An ogre (D:5)
  A centaur (D:6)
  A phantom (D:5)
  A kobold brigand (D:6)
  Blork the orc (D:6)
  A bullfrog (D:6)
  3 scorpions
  5 wights (D:6)
  Dowan (D:6)
  A howler monkey (D:3)
  4 hounds
  A jelly (D:5)
  3 orc priests
  5 orc wizards
  5 gnolls
  11 adders
  2 white imps
  An ufetubus (D:5)
  3 worms
  3 dart slugs
  20 orcs
  7 ball pythons
  13 endoplasms
  5 giant cockroaches
  6 goblins
  11 hobgoblins
  4 jackals (D:3)
  9 kobolds
  3 quokkas
  6 bats
  2 frilled lizards (D:1)
  8 rats
154 creatures vanquished.

Notes
Turn   | Place    | Note
-------+----------+-------------------------------------------
     0 | D:1      | wingedge the Human Wanderer began the quest for the Orb.
     0 | D:1      | wingedge set off with the following items: a +2 short
                  | sword, 10 poisoned darts, a +0 dagger, a potion of
                  | lignification, a +0 leather armour; and the following
                  | spells available to memorise: Wereblood, Passwall.
     0 | D:1      | Reached XP level 1. HP: 15/15 MP: 2/2
     6 | D:1      | Noticed a salamander
     6 | D:1      | Noticed an iguana
     6 | D:1      | Noticed a polar bear
     6 | D:1      | Noticed a killer bee
   230 | D:1      | Found a faded altar of an unknown god.
   258 | D:1      | Reached XP level 2. HP: 17/22 MP: 3/3
   514 | D:1      | Reached skill level 1 in Dodging
   652 | D:1      | Reached XP level 3. HP: 27/27 MP: 4/4
  1027 | D:2      | Reached XP level 4. HP: 10/33 MP: 5/5
  1468 | D:2      | Reached XP level 5. HP: 28/41 MP: 6/6
  1776 | D:3      | Reached skill level 1 in Translocations
  1785 | D:3      | Learned a level 2 spell: Blink
  2254 | D:3      | Reached skill level 1 in Axes
  2553 | D:3      | Reached XP level 6. HP: 12/47 MP: 7/7
  2959 | D:3      | Found a white marble altar of Elyvilon.
  3572 | D:3      | Reached skill level 1 in Long Blades
  3749 | D:4      | Noticed Edmund
  3961 | D:4      | Found an ancient bone altar of Kikubaaqudgha.
  3979 | D:4      | Reached XP level 7. HP: 27/54 MP: 8/10
  4356 | D:4      | Noticed Eustachio
  4373 | D:4      | Killed Eustachio
  4440 | D:4      | Found a blossoming altar of Fedhas.
  4469 | D:4      | Found a hazy altar of Hepliaklqana.
  4479 | D:4      | Identified the +8 sling "Ceax" {flame, rPois Will+}
  4511 | D:5      | Entered Level 5 of the Dungeon
  4813 | D:5      | Found an opulent altar of Gozag.
  4822 | D:5      | Became a worshipper of Gozag Ym Sagoz the Greedy
  4992 | D:4      | Killed Edmund
  5033 | D:4      | Reached XP level 8. HP: 57/60 MP: 11/11
  5352 | D:4      | Found a snail-covered altar of Cheibriados.
  5515 | D:5      | Reached skill level 1 in Ranged Weapons
  5538 | D:5      | Reached skill level 2 in Ranged Weapons
  5592 | D:5      | Reached skill level 3 in Ranged Weapons
  5895 | D:6      | Found Odeh's Weapon Boutique.
  5898 | D:6      | Noticed Duvessa
  5899 | D:6      | Noticed Dowan
  5904 | D:6      | Killed Dowan
  5905 | D:6      | Reached skill level 4 in Ranged Weapons
  5906 | D:6      | Killed Duvessa
  5997 | D:6      | Noticed Blork the orc
  6004 | D:6      | Killed Blork the orc
  6005 | D:6      | Reached skill level 5 in Ranged Weapons
  6041 | D:6      | Noticed Sigmund
  6044 | D:6      | Killed Sigmund
  6045 | D:6      | Reached skill level 6 in Ranged Weapons
  6045 | D:6      | Reached XP level 9. HP: 65/65 MP: 13/13
  6139 | D:6      | Learned a level 2 spell: Wereblood
  6184 | D:6      | Noticed a two-headed ogre
  6210 | D:6      | Killed a two-headed ogre
  6211 | D:6      | Reached skill level 5 in Fighting
  6550 | D:6      | Reached skill level 7 in Ranged Weapons
  6771 | D:6      | Found a shimmering blue altar of Sif Muna.
  6771 | D:6      | Found a glowing silver altar of Zin.
  6840 | D:6      | Reached skill level 5 in Dodging
  7138 | D:6      | Reached XP level 10. HP: 74/74 MP: 14/14
  7423 | D:7      | HP: 3/105 [orc warrior/+0 dire flail (6)]
  7429 | D:7      | Slain by an orc warrior

Illustrated notes

Levels and vault maps discovered:
D:1:      onia_arrival_zoo_common, layout_basic,
          hellmonk_ecumenical_altar_zigzags, minmay_misc_feat_more_columns
D:2:      layout_rooms
D:3:      minmay_chambers_of_threes, layout_basic, elyvilon_altar_3,
          minmay_between
D:4:      layout_rooms, kiku_gazebo_pond_becter, mainiacjoe_overflow_brackets,
          mainiacjoe_overflow_catwalk_spiral, uniq_eustachio, uniq_edmund
D:5:      layout_gridville, nicolae_gozag_cash_rules_everything_around_me,
          hangedman_decor_lopped
D:6:      layout_loops_ring, minitemple, serial_shops, shop, uniq_duvessa,
          uniq_blork_the_orc, uniq_sigmund
D:7:      layout_rooms, minmay_temple_entry_glassed_door,
          chequers_serial_rivers_room_b, kennysheep_another_room,
          uniq_prince_ribbit1

Skill      XL: |  1  2  3  4  5  6  7  8  9 |
---------------+----------------------------+-----
Fighting       | 2 3 4 5 |  5.0
Dodging        | 1 2 3 5 |  5.0
Stealth        | 2 3 4 |  4.0
Translocations | 2 3 |  3.0
Axes           | 2 |  2.0
Long Blades    | 1 3 |  3.0
Spellcasting   | 2 3 |  3.0
Ranged Weapons | 6 7 |  7.9
Transmutations | 2 |  2.0
Short Blades   | |  4.0
Throwing       | |  2.0

Action                   |  1- 3 |  4- 6 |  7- 9 | 10-12 || total
-------------------------+-------+-------+-------+-------++-------
Melee: Short sword       |    86 |   159 |       |       ||   245
       Punch             |     2 |     4 |       |       ||     6
       Whip              |       |    56 |    80 |       ||   136
       Dagger            |       |     1 |     7 |       ||     8
       Falchion          |       |       |    22 |    20 ||    42
 Fire: Sling             |       |       |   109 |     9 ||   118
Throw: Dart              |    22 |    24 |    15 |       ||    61
  Use: Potion            |       |     1 |     2 |     5 ||     8
       Scroll            |       |     7 |     8 |       ||    15
 Stab: Sleeping          |     1 |    10 |     1 |       ||    12
       Invisible         |       |     1 |     2 |       ||     3
Armor: Leather armour    |    19 |    47 |    26 |     6 ||    98
       Skin              |       |     9 |       |     9 ||    18
Dodge: Dodged            |    42 |    90 |    86 |    22 ||   240
       Repelled          |       |       |     2 |       ||     2

Table legend: (Time is in decaauts)
 A = Elapsed time spent in this place.
 B = Non-inter-level travel time spent in this place.
 C = Inter-level travel time spent in this place.
 D = Time resting spent in this place.
 E = Time spent auto-exploring this place.
 F = Levels seen in this place.
 G = Mean time per level.
                   A        B        C        D        E       F      G
               +--------+--------+--------+--------+--------+-----+--------+
         Total |   7425 |   6751 |    674 |   3236 |      0 |   7 | 1060.7 |
       Dungeon |   7425 |   6751 |    674 |   3236 |      0 |   7 | 1060.7 |
               +--------+--------+--------+--------+--------+-----+--------+

Top non-repeatable levels by time:
     D:3: 2236 daAuts
     D:6: 1516 daAuts
     D:1: 1126 daAuts
     D:4: 1038 daAuts
     D:5: 871 daAuts
     D:2: 609 daAuts
     D:7: 27 daAuts
